 Dungeon Crawl Stone Soup version 0.28.0-53-g5a82cb258f (webtiles) character file.

Game seed: 7580971497271272578

116 SanguineChosen the Skirmisher (level 5, -2/33 HPs)
             Began as a Gargoyle Fighter on July 3, 2022.
             Slain by a kobold brigand
             ... wielding a +0 dagger
              (4 damage)
             ... in a sewer on July 5, 2022.
             The game lasted 00:13:20 (3457 turns).

SanguineChosen the Skirmisher (Gargoyle Fighter)    Turns: 3457, Time: 00:13:20

Health: -2/33      AC: 11    Str: 21    XL:     5   Next: 1%
Magic:  5/5        EV:  8    Int:  9    God:
Gold:   83         SH:  8    Dex:  9    Spells: 4/4 levels left

rFire   . . .      SeeInvis .   a - +0 flail
rCold   . . .      Faith    .   e - +0 kite shield
rNeg    + . .      Spirit   .   b - +0 scale mail
rPois   ∞          Reflect  .   (no helmet)
rElec   +          Harm     .   (no cloak)
rCorr   .          Rampage  .   (no gloves)
Will    .....                   (no boots)
Stlth   ..........              (no amulet)
HPRegen 0.11/turn               (no ring)
MPRegen 0.09/turn               (no ring)

@: mighty
A: sickness immunity, AC +4, negative energy resistance 1, electricity
resistance, torment resistance 1, petrification resistance
a: no special abilities


You were in a sewer.
You visited 1 branch of the dungeon, and saw 3 of its levels.
You also visited: Sewer.

You collected 83 gold pieces.

Inventory:

Hand Weapons
 a - a +0 flail (weapon)
 h - a +2 dagger of venom
 j - a +3 short sword
 k - a +2 dagger of flaming
Missiles
 f - 6 poisoned darts (quivered)
 g - a throwing net
Armour
 b - a +0 scale mail (worn)
 c - a +0 buckler
 e - a +0 kite shield (worn)
Scrolls
 l - a scroll of noise {unknown}
 m - 2 scrolls of teleportation
 n - a scroll of enchant weapon {unknown}
 o - 2 scrolls of identify


   Skills:
 + Level 4.0 Fighting
 + Level 3.3 Maces & Flails
 + Level 3.7 Armour
 - Level 0.6 Dodging
 + Level 0.3 Stealth
 * Level 4.0 Shields


You had 4 spell levels left.
You didn't know any spells.
Your spell library contained the following spells:

 Spells                   Type           Power      Damage    Failure   Level
 Beastly Appendage        Tmut           0%         N/A       97%         1
 Wereblood                Tmut           0%         N/A       99%         2
 Gell's Gravitas          Tloc           0%         N/A       100%        3
 Lesser Beckoning         Tloc           0%         N/A       100%        3
 Spider Form              Tmut/Pois      0%         N/A       100%        3
 Teleport Other           Tloc           0%         N/A       100%        3
 Leda's Liquefaction      Hex/Erth       0%         N/A       100%        4
 Lee's Rapid Deconstruct  Erth           0%         3d5*      100%        5
 Statue Form              Tmut/Erth      Unusable   N/A       N/A         6

Dungeon Overview and Level Annotations

Branches:
Dungeon (3/15)              Sewer (1/1)

Altars:

Annotations:
Sewer Grinder


Innate Abilities, Weirdness & Mutations

You are immune to sickness and miasma.
Your stone body is resilient. (AC +4)
You are immune to poison.
You resist negative energy. (rN+)
You are resistant to electric shocks. (rElec)
You are resistant to unholy torment.
You are immune to petrification.


Message History

You block the ufetubus's attack.
The kobold splashes around in the water.
The kobold brigand hits you with a +0 dagger.
The kobold barely misses you. You block the ufetubus's attack. x2
The kobold hits you with a +0 whip. The kobold brigand barely misses you.
You barely miss the kobold brigand.
The kobold brigand is moderately wounded.
The ufetubus closely misses you. You block the ufetubus's attack.
You block the kobold's attack. x2; You block the ufetubus's attack.
The ufetubus hits you but does no damage.
The kobold brigand hits you with a +0 dagger.
* * * LOW HITPOINT WARNING * * *
The kobold hits you with a +0 short sword.
* * * LOW HITPOINT WARNING * * *
You sock the kobold brigand!
The kobold brigand is almost dead.
The ufetubus hits you but does no damage.
The ufetubus barely misses you. You block the kobold's attack.
The kobold brigand barely misses you.
The ufetubus hits you but does no damage. x2
Grinder blinks!
The kobold barely misses you.
The kobold splashes around in the water.
The kobold brigand hits you but does no damage.
You barely miss the kobold brigand.
The kobold brigand is almost dead.
You block the ufetubus's attack. x2; The ufetubus hits you.
* * * LOW HITPOINT WARNING * * *
The ufetubus hits you but does no damage.
The kobold splashes around in the water.
The kobold hits you but does no damage.
The kobold brigand hits you but does no damage.
Grinder blinks!
You closely miss the kobold brigand.
The kobold brigand is almost dead.
The ufetubus hits you but does no damage.
The ufetubus barely misses you. The kobold closely misses you.
You block the ufetubus's attack. The ufetubus closely misses you.
The kobold hits you but does no damage.
The kobold brigand hits you with a +0 dagger.
You die...

≈≈≈≈≈≈≈≈≈≈≈≈≈..#..≈# '''#
≈≈≈≈≈≈≈≈≈≈≈≈... ..≈# .....
##≈##≈##≈###.####.###..⌠..
.............≈≈#...#§....⌠
............≈≈≈≈.Z.§.Z._..
.............≈≈#.BK#
###≈#≈≈###≈#.####K##
≈≈≈≈≈≈≈≈≈≈≈)..#5KK#
≈≈≈≈≈≈≈≈≈≈≈≈≈..#@K≈#
≈≈≈≈≈≈≈≈≈≈≈≈≈≈.#K≈≈#
≈≈≈≈≈≈≈≈≈≈≈≈≈..#.≈≈#
≈≈≈≈≈≈≈≈≈≈≈≈≈≈.#.≈≈#
≈≈≈≈≈≈≈≈≈≈≈≈≈≈.'(≈≈#
#################≈##
≈≈≈≈≈≈≈ ≈≈# ≈≈≈≈≈≈≈ ≈≈#
≈≈≈≈≈≈≈ ≈≈#


You could see a kobold brigand, an ufetubus, a kobold zombie, a giant cockroach
and 5 kobolds.

Vanquished Creatures
  A gnoll (D:2)
  4 adders
  A shadow imp (Sewer)
  An adder zombie (Sewer)
  5 ball pythons
  5 endoplasms
  A giant cockroach (Sewer)
  4 hobgoblins (D:1)
  15 kobolds
  3 quokkas
  4 bats
  2 frilled lizards (D:1)
  5 goblins
  2 kobold zombies (Sewer)
  11 rats
64 creatures vanquished.

Notes
Turn   | Place    | Note
-------+----------+-------------------------------------------
     0 | D:1      | SanguineChosen the Gargoyle Fighter began the quest for the
                  | Orb.
     0 | D:1      | Reached XP level 1. HP: 14/14 MP: 1/1
   218 | D:1      | Reached XP level 2. HP: 19/19 MP: 2/2
   291 | D:1      | Found a faded altar of an unknown god.
  1426 | D:2      | Reached XP level 3. HP: 24/24 MP: 3/3
  2182 | D:2      | Reached XP level 4. HP: 15/29 MP: 4/4
  2854 | D:3      | Found a glowing drain.
  2871 | Sewer    | Entered a sewer
  3422 | Sewer    | Found an ancient bone altar of Kikubaaqudgha.
  3422 | Sewer    | Noticed a kobold brigand
  3430 | Sewer    | Noticed Grinder
  3434 | Sewer    | Reached XP level 5. HP: 33/33 MP: 5/5
  3457 | Sewer    | Slain by a kobold brigand

Illustrated notes

Levels and vault maps discovered:
D:1:      nicolae_arrival_somewhat_less_tricky_arrival, layout_rooms,
          serial_co_window_serial, co_window_paths_a,
          co_window_of_opportunity_a, co_window_cross_1, co_window_paths_a,
          co_window_paths_b, co_window_paths_c, co_window_2corner,
          co_window_corner_b, co_window_2corner, co_window_broadway_c,
          co_window_corner_ca, glass_columns_a, glass_columns_c,
          glass_columns_c, glass_columns_b, shapermc_ecumenical_altar_notcrosses
D:2:      minmay_angry_zag, layout_basic, kennysheep_generic_room_11
D:3:      layout_loops_ring, portal_sewer_entry_d, serial_bayou_pond_c
Sewer:    kennysheep_sewer_church

Skill      XL: |  1  2  3  4 |
---------------+-------------+-----
Fighting       | 4 |  4.0
Maces & Flails | 3 |  3.3
Shields        | 4 |  4.0
Armour         | |  3.7
Dodging        | |  0.6
Stealth        | |  0.3

Action                   |  1- 3 |  4- 6 || total
-------------------------+-------+-------++-------
Melee: Flail             |   109 |   127 ||   236
Throw: Dart              |       |     6 ||     6
  Use: Scroll            |       |     2 ||     2
       Potion            |       |     2 ||     2
Armor: Scale mail        |    56 |   106 ||   162
Dodge: Dodged            |    52 |    77 ||   129
Block: Buckler           |    25 |     1 ||    26
       Kite shield       |       |    59 ||    59
